| TOP OF THE 1ST |
|
Toronto Blue Jays batting - Pitching for California Angels : RHP Rafael Jimenez
|
|
Pitching: RHP Rafael Jimenez
|
|
|
Batting: SHB Harold Reynolds
|
0-0: Fly out, F7 (Flyball, 7LS, EV 86.9 MPH)
|
|
Batting: RHB Jose Gonzalez
|
0-0: Foul Ball, location: 2F 0-1: Fly out, F7 (Line Drive, 7, EV 96.9 MPH)
|
|
Batting: LHB Chad Daley
|
0-0: Called Strike 0-1: Ball 1-1: Called Strike 1-2: SINGLE (Line Drive, 4D, EV 98.1 MPH)
|
|
Batting: RHB Cal Ripken
|
0-0: Ball 1-0: Fly out, F9 (Line Drive, 9D, EV 86.3 MPH)
|
| Top of the 1st over - 0 runs, 1 hit, 0 errors, 1 left on base; Toronto 0 - California 0 |
| BOTTOM OF THE 1ST |
|
California Angels batting - Pitching for Toronto Blue Jays : RHP Storm Davis
|
|
Pitching: RHP Storm Davis
|
|
|
Batting: RHB Frank White
|
0-0: Ball 1-0: Ground out 4-3 (Groundball, 4, EV 111.3 MPH)
|
|
Batting: RHB Jeff Atherton
|
0-0: Ball 1-0: Called Strike 1-1: Ball 2-1: Ground out 5-3 (Groundball, 56, EV 108.1 MPH)
|
|
Batting: LHB Jason D Thompson
|
0-0: Called Strike 0-1: Fly out, F5 (Flyball, 56D, EV 90.6 MPH)
|
| Bottom of the 1st over - 0 runs, 0 hits, 0 errors, 0 left on base; Toronto 0 - California 0 |
| TOP OF THE 2ND |
|
Toronto Blue Jays batting - Pitching for California Angels : RHP Rafael Jimenez
|
|
Batting: LHB Steve Stroughter
|
0-0: Ball 1-0: Foul Ball, location: 2F 1-1: Swinging Strike 1-2: Ball 2-2: Ball 3-2: Foul Ball, location: 2F 3-2: Strikes out looking
|
|
Batting: RHB Amos Otis
|
0-0: Ball 1-0: Foul Ball, location: 2F 1-1: Ball 2-1: Foul Ball, location: 2F 2-2: Ball 3-2: Strikes out looking
|
|
Batting: RHB Jason Adams
|
0-0: Ball 1-0: Ball 2-0: Called Strike 2-1: Foul Ball, location: 2F 2-2: Ball 3-2: Strikes out swinging
|
| Top of the 2nd over - 0 runs, 0 hits, 0 errors, 0 left on base; Toronto 0 - California 0 |
| BOTTOM OF THE 2ND |
|
California Angels batting - Pitching for Toronto Blue Jays : RHP Storm Davis
|
|
Batting: LHB Brian Rosinski
|
0-0: Ball 1-0: Called Strike 1-1: Swinging Strike 1-2: Foul Ball, location: 2F 1-2: Foul Ball, location: 2F 1-2: Strikes out looking
|
|
Batting: LHB John Milner
|
0-0: Ball 1-0: Foul Ball, location: 2F 1-1: Foul Ball, location: 2F 1-2: Fly out, F8 (Flyball, 8LD, EV 78.8 MPH)
|
|
Batting: SHB Ignacio Medina
|
0-0: Ball 1-0: Fly out, F7 (Flyball, 7D, EV 89.4 MPH)
|
| Bottom of the 2nd over - 0 runs, 0 hits, 0 errors, 0 left on base; Toronto 0 - California 0 |
| TOP OF THE 3RD |
|
Toronto Blue Jays batting - Pitching for California Angels : RHP Rafael Jimenez
|
|
Batting: LHB Brad Gulden
|
0-0: Called Strike 0-1: Foul Ball, location: 2F 0-2: Ball 1-2: Strikes out swinging, 2-3 out at first.
|
|
Batting: RHB Jose Carrillo
|
0-0: Foul Ball, location: 2F 0-1: Foul Ball, location: 2F 0-2: Strikes out looking
|
|
Batting: SHB Harold Reynolds
|
0-0: Called Strike 0-1: Single, Error in OF, E7, batter to second base (Line Drive, 7LS, EV 92.5 MPH)
|
|
Batting: RHB Jose Gonzalez
|
0-0: Ball 1-0: Swinging Strike 1-1: Ball 2-1: SINGLE (Groundball, 4S, EV 69.4 MPH) (infield hit) Harold Reynolds to third
|
|
Batting: LHB Chad Daley
|
0-0: Ball 1-0: Ball 2-0: Foul Ball, location: 2F 2-1: Fly out, F8 (Flyball, 8RS, EV 91.3 MPH)
|
| Top of the 3rd over - 0 runs, 2 hits, 1 error, 2 left on base; Toronto 0 - California 0 |
| BOTTOM OF THE 3RD |
|
California Angels batting - Pitching for Toronto Blue Jays : RHP Storm Davis
|
|
Batting: SHB Manny Castillo
|
0-0: Swinging Strike 0-1: SINGLE (Groundball, 34D, EV 98.8 MPH)
|
|
Batting: RHB Carlos Pimentel
|
0-0: Called Strike 0-1: DOUBLE (Line Drive, 5D, EV 108.1 MPH) Manny Castillo to third Runner from 3rd tries for Home, throw by LF and OUT! 7-6-2 Carlos Pimentel to third
|
|
Batting: RHB Mike Bishop
|
0-0: Called Strike 0-1: Ball 1-1: Ground out 4-3 (Groundball, 4M, EV 83.1 MPH) Carlos Pimentel scores
|
|
Batting: RHB Frank White
|
0-0: Ball 1-0: Ball 2-0: Called Strike 2-1: Called Strike 2-2: Strikes out looking
|
| Bottom of the 3rd over - 1 run, 2 hits, 0 errors, 0 left on base; Toronto 0 - California 1 |
| TOP OF THE 4TH |
|
Toronto Blue Jays batting - Pitching for California Angels : RHP Rafael Jimenez
|
|
Batting: RHB Cal Ripken
|
0-0: SINGLE (Line Drive, 8LS, EV 98.8 MPH)
|
|
Batting: LHB Steve Stroughter
|
0-0: Ball 1-0: Ball 2-0: Fly out, F5 (Popup, 56S, EV 81.9 MPH)
|
|
Batting: RHB Amos Otis
|
0-0: Ball 1-0: Called Strike 1-1: Swinging Strike 1-2: Ball 2-2: Strikes out swinging
|
|
Batting: RHB Jason Adams
|
0-0: Ball 1-0: Ball 2-0: Fly out, F8 (Flyball, 78D, EV 88.8 MPH)
|
| Top of the 4th over - 0 runs, 1 hit, 0 errors, 1 left on base; Toronto 0 - California 1 |
| BOTTOM OF THE 4TH |
|
California Angels batting - Pitching for Toronto Blue Jays : RHP Storm Davis
|
|
Batting: RHB Jeff Atherton
|
0-0: Ground out 6-3 (Groundball, 6, EV 90.0 MPH)
|
|
Batting: LHB Jason D Thompson
|
0-0: Ball 1-0: Called Strike 1-1: Swinging Strike 1-2: SINGLE (Groundball, 6MD, EV 100.0 MPH)
|
|
Batting: LHB Brian Rosinski
|
0-0: Ball 1-0: Called Strike 1-1: Foul Ball, location: 2F 1-2: SINGLE (Line Drive, 4M, EV 95.6 MPH) Jason D Thompson to second
|
|
Batting: LHB John Milner
|
0-0: Called Strike 0-1: Foul Ball, location: 2F 0-2: Ball 1-2: Fly out, F8 (Flyball, 78M, EV 86.3 MPH)
|
|
Batting: SHB Ignacio Medina
|
0-0: Ball 1-0: Called Strike 1-1: Ball 2-1: Ball 3-1: Base on Balls Jason D Thompson to third Brian Rosinski to second
|
|
Batting: SHB Manny Castillo
|
0-0: SINGLE (Groundball, 6M, EV 105.0 MPH) (infield hit) Jason D Thompson scores Brian Rosinski to third Ignacio Medina to second
|
|
Batting: RHB Carlos Pimentel
|
0-0: Called Strike 0-1: Swinging Strike 0-2: SINGLE (Line Drive, 9LS, EV 86.3 MPH) Brian Rosinski scores Ignacio Medina to third Manny Castillo to second Runner from 3rd tries for Home, SAFE, throw by RF to home
|
|
Batting: RHB Mike Bishop
|
0-0: Foul Ball, location: 2F 0-1: Ball 1-1: Ball 2-1: Foul Ball, location: 2F 2-2: SINGLE (Line Drive, 4D, EV 101.9 MPH) Manny Castillo to third Carlos Pimentel to second Runner from 3rd tries for Home, SAFE, throw by CF to home
|
|
Pitching: RHP Nick Piazza
|
|
|
Batting: RHB Frank White
|
0-0: Ball 1-0: 3-RUN HOME RUN (Flyball, 9D, EV 104.4 MPH), Distance : 381 ft
|
|
Batting: RHB Jeff Atherton
|
0-0: Foul Ball, location: 2F 0-1: Called Strike 0-2: Strikes out swinging
|
| Bottom of the 4th over - 7 runs, 6 hits, 0 errors, 0 left on base; Toronto 0 - California 8 |
| TOP OF THE 5TH |
|
Toronto Blue Jays batting - Pitching for California Angels : RHP Rafael Jimenez
|
|
Batting: LHB Brad Gulden
|
0-0: Ball 1-0: Foul Ball, location: 2F 1-1: Foul Ball, location: 2F 1-2: Strikes out swinging
|
|
Batting: RHB Jose Carrillo
|
0-0: Ball 1-0: Ground out 4-3 (Groundball, 4, EV 88.1 MPH)
|
|
Batting: SHB Harold Reynolds
|
0-0: Called Strike 0-1: Ball 1-1: Ball 2-1: Ball 3-1: Base on Balls
|
|
Batting: RHB Jose Gonzalez
|
0-0: Ball Harold Reynolds is caught stealing 2nd base 2-4
|
| Top of the 5th over - 0 runs, 0 hits, 0 errors, 0 left on base; Toronto 0 - California 8 |
| BOTTOM OF THE 5TH |
|
California Angels batting - Pitching for Toronto Blue Jays : RHP Nick Piazza
|
|
Batting: LHB Jason D Thompson
|
0-0: Ball 1-0: Swinging Strike 1-1: Called Strike 1-2: Ball 2-2: Fly out, F4 (Flyball, 3D, EV 80.0 MPH)
|
|
Batting: LHB Brian Rosinski
|
0-0: Ball 1-0: Ball 2-0: Ball 3-0: Base on Balls
|
|
Batting: LHB John Milner
|
0-0: Ball 1-0: Foul Ball, location: 2F 1-1: Hit by Pitch Brian Rosinski to second
|
|
Batting: SHB Ignacio Medina
|
0-0: Ball 1-0: Called Strike 1-1: Fielders Choice at 2nd, 3-6 (Groundball, 34, EV 102.5 MPH) Brian Rosinski to third
|
|
Batting: SHB Manny Castillo
|
0-0: Called Strike 0-1: Ball 1-1: Ball 2-1: Foul Ball, location: 2F 2-2: Ball 3-2: Strikes out swinging
|
| Bottom of the 5th over - 0 runs, 0 hits, 0 errors, 2 left on base; Toronto 0 - California 8 |
| TOP OF THE 6TH |
|
Toronto Blue Jays batting - Pitching for California Angels : RHP Rafael Jimenez
|
|
Batting: RHB Jose Gonzalez
|
0-0: SINGLE (Line Drive, 8RS, EV 99.4 MPH)
|
|
Batting: LHB Chad Daley
|
0-0: 2-RUN HOME RUN (Flyball, 89XD, EV 97.5 MPH), Distance : 405 ft
|
|
Batting: RHB Cal Ripken
|
0-0: Ball 1-0: Called Strike 1-1: Ball 2-1: SINGLE (Line Drive, 6M, EV 96.9 MPH)
|
|
Batting: LHB Steve Stroughter
|
0-0: Ball 1-0: Fielders Choice at 2nd, 3-6 (Groundball, 3, EV 99.4 MPH)
|
|
Batting: RHB Amos Otis
|
0-0: Called Strike 0-1: Foul Ball, location: 2F 0-2: Ball 1-2: Fly out, F6 (Popup, 4MD, EV 43.1 MPH)
|
|
Batting: RHB Jason Adams
|
0-0: Ball 1-0: Ball 2-0: SINGLE (Flyball, 8LS, EV 92.5 MPH) Steve Stroughter to second Runner from 2nd tries for 3rd, SAFE, no throw by CF
|
|
Batting: LHB Brad Gulden
|
0-0: Foul Ball, location: 2F 0-1: DOUBLE (Line Drive, 9LM, EV 110.0 MPH) Steve Stroughter scores Jason Adams to third Runner from 3rd tries for Home, SAFE, no throw by RF
|
|
Pitching: LHP Bob McClure
|
|
|
Batting: RHB Jose Carrillo
|
0-0: Ball 1-0: Foul Ball, location: 2F 1-1: Foul Ball, location: 2F 1-2: Ball 2-2: Foul Ball, location: 2F 2-2: Foul Ball, location: 2F 2-2: Ball 3-2: Base on Balls
|
|
Batting: SHB Harold Reynolds
|
0-0: Ball 1-0: Called Strike 1-1: Foul Ball, location: 2F 1-2: Foul Ball, location: 2F 1-2: Ball 2-2: Foul Ball, location: 2F 2-2: Ground out 6-3 (Groundball, P, EV 85.0 MPH)
|
| Top of the 6th over - 4 runs, 5 hits, 0 errors, 2 left on base; Toronto 4 - California 8 |
| BOTTOM OF THE 6TH |
|
California Angels batting - Pitching for Toronto Blue Jays : RHP Nick Piazza
|
|
Batting: RHB Carlos Pimentel
|
0-0: Foul Ball, location: 2F 0-1: Swinging Strike 0-2: Strikes out looking
|
|
Pitching: LHP John Marshall
|
|
|
Batting: RHB Mike Bishop
|
0-0: Called Strike 0-1: Called Strike 0-2: Ball 1-2: Ground out U3 (Groundball, 34, EV 86.9 MPH)
|
|
Batting: RHB Frank White
|
0-0: Ball 1-0: Swinging Strike 1-1: Ground out 5-3 (Groundball, 56S, EV 91.3 MPH)
|
| Bottom of the 6th over - 0 runs, 0 hits, 0 errors, 0 left on base; Toronto 4 - California 8 |
| TOP OF THE 7TH |
|
Toronto Blue Jays batting - Pitching for California Angels : LHP Bob McClure
|
|
Batting: RHB Jose Gonzalez
|
0-0: Ball 1-0: Called Strike 1-1: Foul Ball, location: 2F 1-2: Ball 2-2: Ball 3-2: Foul Ball, location: 2F 3-2: Strikes out looking
|
|
Batting: LHB Chad Daley
|
0-0: Called Strike 0-1: Swinging Strike 0-2: Ball 1-2: Ball 2-2: Ball 3-2: Base on Balls
|
|
Pitching: LHP Tug McGraw
|
|
|
Batting: RHB Cal Ripken
|
0-0: Foul Ball, location: 2F 0-1: Ball 1-1: Swinging Strike 1-2: Foul Ball, location: 2F 1-2: Strikes out swinging
|
|
Batting: LHB Steve Stroughter
|
0-0: Ball 1-0: Called Strike 1-1: Swinging Strike 1-2: SINGLE (Groundball, 56D, EV 98.1 MPH) Chad Daley to second
|
|
Batting: RHB Amos Otis
|
0-0: Ball 1-0: Called Strike 1-1: Ground out 5-3 (Groundball, 56, EV 105.0 MPH)
|
| Top of the 7th over - 0 runs, 1 hit, 0 errors, 2 left on base; Toronto 4 - California 8 |
| BOTTOM OF THE 7TH |
|
California Angels batting - Pitching for Toronto Blue Jays : LHP John Marshall
|
|
Batting: RHB Jeff Atherton
|
0-0: SINGLE (Line Drive, 6MD, EV 95.0 MPH)
|
|
Batting: LHB Jason D Thompson
|
0-0: Ball 1-0: Fly out, F7 (Flyball, 7LS, EV 95.6 MPH)
|
|
Batting: LHB Brian Rosinski
|
0-0: Called Strike 0-1: Ball 1-1: SINGLE (Flyball, 78S, EV 85.0 MPH) Jeff Atherton to second
|
|
Batting: LHB John Milner
|
0-0: Ball 1-0: Swinging Strike 1-1: Ball 2-1: DOUBLE (Groundball, 3D, EV 101.3 MPH) Jeff Atherton scores Brian Rosinski to third Runner from 3rd tries for Home, SAFE, throw by RF to trailing runner, OUT at third! 9-3-5
|
|
Batting: SHB Ignacio Medina
|
0-0: Ball 1-0: Ball 2-0: Called Strike 2-1: Foul Ball, location: 2F 2-2: Strikes out swinging, 2-3 out at first.
|
| Bottom of the 7th over - 2 runs, 3 hits, 0 errors, 0 left on base; Toronto 4 - California 10 |
| TOP OF THE 8TH |
|
Toronto Blue Jays batting - Pitching for California Angels : LHP Tug McGraw
|
|
Batting: RHB Jason Adams
|
0-0: Ball 1-0: Ball 2-0: SINGLE (Flyball, 7LS, EV 88.8 MPH)
|
|
Batting: LHB Brad Gulden
|
0-0: Called Strike 0-1: Ground out 6-3 (Groundball, 6D, EV 98.1 MPH) Jason Adams to second
|
|
Batting: RHB Jose Carrillo
|
0-0: Ball 1-0: Ball 2-0: Foul Ball, location: 2F 2-1: Swinging Strike 2-2: Ball 3-2: Foul Ball, location: 2F 3-2: Fly out, F7 (Flyball, 78M, EV 74.4 MPH)
|
|
Batting: SHB Harold Reynolds
|
0-0: Called Strike 0-1: Ground out 1-3 (Groundball, 15S, EV 73.8 MPH)
|
| Top of the 8th over - 0 runs, 1 hit, 0 errors, 1 left on base; Toronto 4 - California 10 |
| BOTTOM OF THE 8TH |
|
California Angels batting - Pitching for Toronto Blue Jays : LHP John Marshall
|
|
Batting: SHB Manny Castillo
|
0-0: SINGLE (Line Drive, 9S, EV 103.8 MPH)
|
|
Batting: RHB Carlos Pimentel
|
0-0: Ball 1-0: Swinging Strike 1-1: Ball 2-1: Called Strike 2-2: Foul Ball, location: 2F 2-2: Fly out, F4 (Popup, 34D, EV 72.5 MPH)
|
|
Batting: RHB Mike Bishop
|
0-0: Swinging Strike 0-1: Ball 1-1: Ball 2-1: Foul Ball, location: 2F 2-2: Foul Ball, location: 2F 2-2: Strikes out swinging
|
|
Batting: RHB Frank White
|
0-0: SINGLE (Line Drive, 8LS, EV 107.5 MPH) Manny Castillo to second Runner from 2nd tries for 3rd, SAFE, no throw by CF
|
|
Batting: RHB Jeff Atherton
|
0-0: Ball 1-0: Ball 2-0: Foul Ball, location: 2F 2-1: Ball 3-1: Ground out 4-3 (Groundball, 4, EV 107.5 MPH)
|
| Bottom of the 8th over - 0 runs, 2 hits, 0 errors, 2 left on base; Toronto 4 - California 10 |
| TOP OF THE 9TH |
|
Toronto Blue Jays batting - Pitching for California Angels : LHP Tug McGraw
|
|
Batting: RHB Jose Gonzalez
|
0-0: Ball 1-0: SINGLE (Groundball, 34D, EV 96.9 MPH)
|
|
Batting: LHB Chad Daley
|
0-0: Called Strike 0-1: Foul Ball, location: 2F 0-2: Foul Ball, location: 2F 0-2: Fly out, F4 (Popup, 13S, EV 88.1 MPH)
|
|
Batting: RHB Cal Ripken
|
0-0: Fly out, F4 (Flyball, 4MD, EV 70.0 MPH)
|
|
Batting: LHB Steve Stroughter
|
0-0: Ground out 4-3 (Groundball, 4MS, EV 68.8 MPH)
|
| Top of the 9th over - 0 runs, 1 hit, 0 errors, 1 left on base; Toronto 4 - California 10 |
|